 Dungeon Crawl Stone Soup version 0.27.1-33-g824d729ab1 (webtiles) character file.

Game seed: 4536268311419420723

24654 lordive the Fighter (level 13, -6/148 HPs)
             Began as an Ogre Berserker on Dec 26, 2021.
             Was a High Priest of Trog.
             Succumbed to a redback's poison
             ... on level 2 of the Lair of Beasts.
             The game lasted 00:44:38 (19173 turns).

lordive the Fighter (Ogre Berserker)               Turns: 19173, Time: 00:44:38

Health: -6/148     AC: 11    Str: 28    XL:     13   Next: 14%
Magic:  8/22       EV: 13    Int:  8    God:    Trog [*****.]
Gold:   553        SH:  0    Dex: 12    Spells: 12/12 levels left

rFire    . . .     SeeInvis .   U - +2 giant club (spect)
rCold    + . .     Faith    .   (shield currently unavailable)
rNeg     . . .     Spirit   +   W - +0 steam dragon scales
rPois    .         Reflect  .   (helmet restricted)
rElec    +         Harm     .   t - scarf {repulsion}
rCorr    .         Rampage  .   (gloves unavailable)
Will     +....                  (boots unavailable)
Stlth    ++........             I - amulet of guardian spirit
HPRegen  0.34/turn              Q - +4 ring of protection
MPRegen  0.18/turn              M - ring "Feshoen" {rElec rC+ MP+9 Dex+4}

@: lethally poisoned (-6 -> -96), on berserk cooldown, slowed, repel missiles,
very slow
A: large, unfitting armour, tough skin 1
a: Renounce Religion, Berserk, Trog's Hand, Brothers in Arms


You were on level 2 of the Lair of Beasts.
You worshipped Trog.
Trog was extremely pleased with you.
You visited 3 branches of the dungeon, and saw 13 of its levels.
You also visited: Ossuary and Gauntlet.

You collected 553 gold pieces.

Inventory:

Hand Weapons
 a - the +3 great mace of Midnight {flame, *Slow Will+++ rCorr Int-4}
   (Trog gifted it to you on level 10 of the Dungeon)

   It burns those it strikes, dealing additional fire damage.
   Int:       It affects your intelligence (-4).
   rCorr:     It protects you from acid and corrosion.
   *Slow:     It may slow you when you take damage.
   Will:      It greatly increases your willpower.
 U - a +2 spectral giant club (weapon)
Armour
 t - a scarf of repulsion (worn)
 W - +0 steam dragon scales (worn)
Jewellery
 m - a ring of ice
 r - a ring of positive energy
 u - a ring of flight
 A - a ring of willpower
 H - a ring of poison resistance
 I - an amulet of guardian spirit (around neck)
 M - the ring "Feshoen" (right hand) {rElec rC+ MP+9 Dex+4}
   (You found it on level 8 of the Dungeon)

   [ring of protection from cold]

   Dex:       It affects your dexterity (+4).
   rC:        It protects you from cold.
   rElec:     It insulates you from electricity.
   MP:        It affects your magic capacity (+9).
 Q - a +4 ring of protection (left hand)
 T - a +6 ring of strength
 V - a +4 ring of protection
Wands
 q - a wand of polymorph (21)
 x - a wand of paralysis (4)
 y - a wand of charming (13)
 E - a wand of acid (8)
Scrolls
 b - a scroll of amnesia {unknown}
 d - a scroll of magic mapping {unknown}
 e - 12 scrolls of teleportation
 h - 2 scrolls of summoning {unknown}
 i - 3 scrolls of fog {unknown}
 o - 3 scrolls of enchant weapon {unknown}
 p - 3 scrolls of fear {unknown}
 v - 3 scrolls of vulnerability {unknown}
 J - 2 scrolls of acquirement {unknown}
 O - 2 scrolls of noise {unknown}
 X - a scroll of brand weapon {unknown}
 Y - a scroll of torment {unknown}
Potions
 c - 7 potions of curing
 f - 4 potions of resistance
 g - 3 potions of attraction
 k - a potion of berserk rage
 w - 4 potions of haste
 z - 2 potions of heal wounds
 F - 6 potions of lignification
 K - 2 potions of mutation
 L - a potion of invisibility
 N - 2 potions of might {unknown}
 R - a potion of magic {unknown}
 S - 2 potions of degeneration {unknown}
Miscellaneous
 j - a box of beasts
 s - a lightning rod (4/4)


   Skills:
 * Level 14.3 Fighting
 + Level 12.5 Maces & Flails
 * Level 7.0 Armour
 * Level 9.0 Dodging
 + Level 3.2 Stealth
 * Level 1.2 Evocations


You had 12 spell levels left.
You didn't know any spells.
Your spell library was empty.

Dungeon Overview and Level Annotations

Branches:
Dungeon (10/15)            Temple (1/1) D:5            Lair (2/6) D:10
 Shoals (0/4) Lair:2       Spider (0/4) Lair:2      Ossuary (visited)
Gauntlet (visited)
    Orc: D:9-12

Altars:
Ashenzari
Cheibriados
Dithmenos
Elyvilon
Fedhas
Gozag
Hepliaklqana
Kikubaaqudgha
Makhleb
Nemelex Xobeh
Okawaru
Qazlal
Ru
Sif Muna
Trog
Uskayaw
Vehumet
Wu Jian
Xom
Yredelemnul
Zin
The Shining One

Shops:
D:1 [   D:8 (


Innate Abilities, Weirdness & Mutations

You are too large for most types of armour.
You have tough skin. (AC +1)


Message History

You feel extremely sick.
You are too injured to fight recklessly!
You are too injured to fight recklessly!
You closely miss the redback.
The redback is heavily wounded.
You feel extremely sick. The redback bites you!
* * * LOW HITPOINT WARNING * * *
You are lethally poisoned!
The redback poisons you!
Okay, then.
Unknown command.
You are too berserk!
You thump the redback!
The redback is almost dead.
* * * LOW HITPOINT WARNING * * *
You feel extremely sick. The redback bites you.
* * * LOW HITPOINT WARNING * * *
You closely miss the redback.
The redback is almost dead.
* * * LOW HITPOINT WARNING * * *
You feel extremely sick. The redback bites you.
* * * LOW HITPOINT WARNING * * *
You miss the redback.
The redback is almost dead.
* * * LOW HITPOINT WARNING * * *
You feel extremely sick. The redback bites you.
* * * LOW HITPOINT WARNING * * *
You are more poisoned.
The redback poisons you!
You are too berserk!
You closely miss the redback.
The redback is almost dead.
You are no longer berserk.
You are exhausted.
You feel yourself slow down.
You die...

.................
.#.PP.....#..#P..
............###≈≈
#..........####..
#.#..#..#.## #..> ####
#..##....## #.s #.#.#
..###...## #^#^#.#
...###...## ##s#.#
..## #....## ##@#s#
...####...#(# #.#.#.##
P.P#..##.###^###.###^#
..##.###.# #.#...#^##
>........# ##.....#
#.#.####.##
###...##### #.###
##..# #.#...# #.## ..#
#..P###...### #..# ..#
##.###..### #>P#


You could see a redback.

Vanquished Creatures
  A minotaur (Gauntlet)
  A great orb of eyes (Gauntlet)
  Fannar (D:10)
  Erolcha (D:10)
  A catoblepas (Lair:2)
  4 hydras
  Erica (D:10)
  2 two-headed ogres
  Pikel (D:4)
  An ugly thing (Gauntlet)
  2 cyclopes (D:6)
  A black mamba (Lair:2)
  A merfolk siren (Lair:2)
  Maurice (D:8)
  Maggie (Lair:2)
  A rust devil (Gauntlet)
  A cane toad (Lair:1)
  A minotaur zombie (Gauntlet)
  3 komodo dragons
  A jumping spider (Lair:2)
  2 polar bears (Lair:2)
  2 ynoxinuls (Gauntlet)
  3 redbacks (Lair:2)
  3 wyverns
  2 wraiths (D:10)
  12 yaks
  4 fire bats (D:8)
  A basilisk (Lair:2)
  A steam dragon (D:8)
  3 vampire mosquitoes (D:10)
  Edmund (D:4)
  A hell hound (D:8)
  9 water moccasins
  2 black bears (D:10)
  2 orc warriors
  An ice beast (D:6)
  An ogre (D:6)
  3 necrophages
  3 centaurs
  11 wolves
  Blork the orc (D:4)
  2 kobold brigands (D:7)
  A gnoll sergeant (D:9)
  3 bullfrogs
  A wyvern zombie (D:6)
  15 scorpions
  A water moccasin skeleton (D:5)
  8 killer bees (D:9)
  5 wights (D:7)
  A howler monkey (D:6)
  2 jellies
  4 centaur zombies
  2 lava snakes (D:8)
  4 hounds
  2 gnoll shamans
  3 orc priests
  A bullfrog skeleton (D:5)
  6 iron imps (Gauntlet)
  Jessica (D:2)
  Natasha (thrice) (D:2)
  An iguana (D:5)
  5 orc wizards
  4 scorpion zombies (Ossuary)
  A killer bee zombie (D:7)
  3 mummies (Ossuary)
  A howler monkey zombie (D:9)
  Robin (D:2)
  19 gnolls
  4 adders
  2 howler monkey skeletons
  3 white imps
  An ufetubus (D:6)
  3 worms
  18 orcs
  8 endoplasms
  2 giant cockroaches (D:2)
  18 goblins
  7 hobgoblins
  6 jackals (D:1)
  19 kobolds
  4 quokkas
  8 ball pythons
  4 bats
  3 frilled lizards
  A gnoll zombie (Ossuary)
  4 goblin zombies (Ossuary)
  5 hobgoblin zombies
  3 kobold zombies (Ossuary)
  5 orc zombies (Ossuary)
  A quokka skeleton (D:4)
  5 rats
  A fire vortex (D:8)
330 creatures vanquished.

Vanquished Creatures (collateral kills)
  A deep elf pyromancer (D:9)
  A gnoll sergeant (D:9)
  2 killer bees (D:9)
  3 gnolls (D:9)
7 creatures vanquished.

Vanquished Creatures (others)
  A demonic plant (Gauntlet)
  2 fire vortices (D:8)
  5 fungi
  4 plants
12 creatures vanquished.

Grand Total: 349 creatures vanquished

Notes
Turn   | Place    | Note
-------+----------+-------------------------------------------
     0 | D:1      | lordive the Ogre Berserker began the quest for the Orb.
     0 | D:1      | Reached XP level 1. HP: 24/24 MP: 1/1
   273 | D:1      | Found Ecsaem's Armour Shop.
   276 | D:1      | Reached XP level 2. HP: 28/32 MP: 2/2
   644 | D:1      | Found a faded altar of an unknown god.
  1134 | D:1      | Reached XP level 3. HP: 28/40 MP: 3/3
  1451 | D:2      | Noticed Natasha
  1458 | D:2      | Killed Natasha
  1458 | D:2      | Reached ** piety under Trog
  1517 | D:2      | Reached XP level 4. HP: 47/49 MP: 4/4
  1839 | D:2      | Noticed Robin
  1861 | D:2      | Killed Robin
  1862 | D:2      | Reached XP level 5. HP: 49/55 MP: 5/5
  2022 | D:2      | Noticed Natasha
  2040 | D:2      | Killed Natasha
  2041 | D:2      | Reached skill level 5 in Fighting
  2395 | D:2      | Noticed Natasha
  2398 | D:2      | Killed Natasha
  2514 | D:2      | Noticed Jessica
  2526 | D:2      | Killed Jessica
  2527 | D:2      | Reached skill level 1 in Armour
  2847 | D:2      | Found a stormy altar of Qazlal.
  3105 | D:3      | Reached XP level 6. HP: 65/66 MP: 6/6
  3181 | D:3      | Reached *** piety under Trog
  3941 | D:4      | Noticed Blork the orc
  3951 | D:4      | Killed Blork the orc
  4102 | D:4      | Reached skill level 5 in Maces & Flails
  4232 | D:4      | Noticed Pikel
  4249 | D:4      | Killed Pikel
  4250 | D:4      | Reached skill level 6 in Fighting
  4250 | D:4      | Reached skill level 1 in Stealth
  4250 | D:4      | Reached XP level 7. HP: 75/75 MP: 7/7
  4250 | D:4      | Reached XP level 8. HP: 83/83 MP: 8/8
  4420 | D:4      | Noticed Edmund
  4427 | D:4      | Killed Edmund
  5057 | D:5      | Entered Level 5 of the Dungeon
  5430 | D:5      | Found a staircase to the Ecumenical Temple.
  5601 | Temple   | Entered the Ecumenical Temple
  6496 | D:5      | Found a basalt altar of Yredelemnul.
  6682 | D:5      | Reached skill level 7 in Fighting
  6810 | D:5      | Reached skill level 5 in Dodging
  7011 | D:6      | Reached XP level 9. HP: 89/93 MP: 9/9
  7577 | D:6      | Noticed a cyclops
  7580 | D:6      | Noticed a cyclops
  7603 | D:6      | Killed a cyclops
  7604 | D:6      | Reached skill level 8 in Fighting
  7666 | D:6      | Killed a cyclops
  7666 | D:6      | Reached **** piety under Trog
  8109 | D:6      | Noticed an eight-headed hydra
  8114 | D:6      | Noticed a two-headed ogre
  8116 | D:6      | Killed an eight-headed hydra
  8117 | D:6      | Reached skill level 9 in Fighting
  8117 | D:6      | Reached XP level 10. HP: 52/107 MP: 10/10
  8120 | D:6      | HP: 8/160 [two-headed ogre (7)]
  8121 | D:6      | Killed a two-headed ogre
  8918 | D:6      | You are sucked into a shaft and drop 2 floors!
  8918 | D:8      | Found Emiur's Weapon Boutique.
  9315 | D:8      | Reached skill level 10 in Fighting
  9461 | D:7      | Found a sand-covered staircase.
  9476 | Ossuary  | Entered an ossuary
  9935 | Ossuary  | Reached ***** piety under Trog
 10218 | Ossuary  | Reached skill level 10 in Maces & Flails
 10715 | D:7      | Identified the +0 leather armour of Vosm {rCorr}
 11967 | D:8      | Reached XP level 11. HP: 118/119 MP: 11/11
 11988 | D:8      | Noticed Maurice
 12000 | D:8      | Killed Maurice
 12001 | D:8      | Reached skill level 11 in Fighting
 12001 | D:8      | Reached skill level 5 in Armour
 12220 | D:8      | Identified the ring "Feshoen" {rElec rC+ MP+9 Dex+4}
 12925 | D:9      | Noticed a deep elf pyromancer
 12953 | D:9      | HP: 4/120 [burnt (10)]
 12954 | D:9      | Killed a deep elf pyromancer
 13157 | D:9      | Identified the +3 ring mail of Xocill {Harm Slay+5}
 14059 | D:10     | Entered Level 10 of the Dungeon
 14203 | D:10     | Noticed Fannar
 14214 | D:10     | Killed Fannar
 14400 | D:10     | Noticed a two-headed ogre
 14409 | D:10     | Killed a two-headed ogre
 14410 | D:10     | Reached skill level 12 in Fighting
 14829 | D:10     | Noticed Erolcha
 14841 | D:10     | Killed Erolcha
 14842 | D:10     | Noticed Erica
 15273 | D:10     | Found a staircase to the Lair.
 15356 | D:10     | Killed Erica
 15356 | D:10     | Identified the +3 great mace of Midnight {flame, *Slow
                  | Will+++ rCorr Int-4} (Trog gifted it to you on level 10 of
                  | the Dungeon)
 15356 | D:10     | Received a gift from Trog
 15357 | D:10     | Reached XP level 12. HP: 133/133 MP: 12/12
 15564 | Lair:1   | Entered Level 1 of the Lair of Beasts
 15849 | Lair:1   | Noticed a six-headed hydra
 15854 | Lair:1   | Killed a six-headed hydra
 15855 | Lair:1   | Reached skill level 13 in Fighting
 16946 | Lair:2   | Noticed Maggie
 16955 | Lair:2   | Killed Maggie
 17009 | Lair:2   | Found a gate leading to a gauntlet.
 17010 | Lair:2   | Noticed a catoblepas
 17015 | Gauntlet | Entered a Gauntlet
 17015 | Gauntlet | Found a transporter.
 17015 | Gauntlet | Found a transporter.
 17019 | Gauntlet | Noticed a catoblepas
 17023 | Gauntlet | Found a transporter.
 17027 | Gauntlet | Found a transporter.
 17038 | Gauntlet | Found a transporter.
 17039 | Gauntlet | Found a transporter.
 17052 | Gauntlet | Found a transporter.
 17061 | Gauntlet | Noticed a great orb of eyes
 17063 | Gauntlet | Found a transporter.
 17077 | Gauntlet | Found a transporter.
 17081 | Gauntlet | Found a transporter.
 17089 | Gauntlet | Found a transporter.
 17093 | Gauntlet | Found a transporter.
 17497 | Gauntlet | Killed a great orb of eyes
 17659 | Gauntlet | Identified the +0 pair of gloves of Wonderful Curiosity
                  | {Harm Int+4}
 17706 | Gauntlet | Identified the +3 plate armour of Xekkoiq {Dex+4}
 17706 | Gauntlet | Noticed a minotaur
 17791 | Gauntlet | Killed a minotaur
 17869 | Lair:2   | Killed a catoblepas
 17870 | Lair:2   | Reached skill level 14 in Fighting
 18270 | Lair:2   | Noticed a seven-headed hydra
 18275 | Lair:2   | Killed a seven-headed hydra
 18287 | Lair:2   | Reached XP level 13. HP: 133/146 MP: 13/13
 18361 | Lair:2   | Reached skill level 1 in Evocations
 18814 | Lair:2   | Found a staircase to the Shoals.
 19152 | Lair:2   | Found a hole to the Spider Nest.
 19172 | Lair:2   | HP: 10/222 [redback (3)]
 19173 | Lair:2   | Succumbed to a redback's poison

Illustrated notes

Levels and vault maps discovered:
D:1:      wander_arrival_abandoned_jail, layout_loops_corners,
          ebering_ecumenical_altar_mist, serial_shops, shop,
          minmay_split_cup_small
D:2:      layout_loops_corners, basic_altar, minmay_goblin_kobold_house,
          uniq_robin, uniq_jessica, uniq_natasha
D:3:      layout_basic
D:4:      layout_basic, uniq_blork_the_orc, uniq_edmund, uniq_pikel
D:5:      wad_crossroads, layout_rooms, mainiacjoe_overflow_paths,
          minmay_temple_entry_sparse_star, kennysheep_generic_room_9
D:6:      minmay_chambers_of_sixes, layout_layer_cave, minmay_holes,
          minmay_small_thing
D:7:      layout_basic, enter_ossuary_3
D:8:      layout_basic, serial_shops, nicolae_diamond_shop,
          hangedman_incinerator, uniq_maurice
D:9:      layout_rooms
D:10:     layout_irregular_city, david_lair_generic, uniq_fannar, uniq_erolcha,
          uniq_erica
Temple:   nicolae_temple_the_god_donut
Lair:1:   layout_regular_city
Lair:2:   layout_loops_ring, elwin_shoals_entry_rooms,
          nicolae_spider_entry_tight_spaces, gauntlet_entry_generic,
          grunt_forest_stairs_basic, uniq_maggie

Skill      XL: |  1  2  3  4  5  6  7  8  9 10 11 12 13 |
---------------+----------------------------------------+-----
Dodging        | 3 4 5 6 8 9 |  9.0
Maces & Flails | 3 4 6 7 9 10 11 12 | 12.5
Fighting       | 5 6 7 9 10 12 14 | 14.3
Armour         | 1 2 4 6 7 |  7.0
Stealth        | 1 2 3 |  3.2
Evocations     | 1 |  1.2

Action                   |  1- 3 |  4- 6 |  7- 9 | 10-12 | 13-15 || total
-------------------------+-------+-------+-------+-------+-------++-------
Melee: Mace              |    86 |   178 |       |       |       ||   264
       Dire flail        |       |       |   169 |   445 |       ||   614
       Whip              |       |       |     5 |       |       ||     5
       Giant spiked club |       |       |       |    17 |       ||    17
       Giant club        |       |       |       |   132 |    47 ||   179
Invok: Berserk           |     1 |     8 |     8 |    30 |     2 ||    49
       Trog's Hand       |       |       |       |     1 |       ||     1
       Brothers in Arms  |       |       |       |     1 |       ||     1
  Use: Scroll            |       |       |     1 |    11 |     1 ||    13
 Stab: Sleeping          |       |     1 |     2 |     3 |     1 ||     7
       Distracted        |       |       |       |     1 |       ||     1
Armor: Animal skin       |    18 |    41 |    56 |    19 |       ||   134
       Robe              |       |       |       |   161 |       ||   161
       Steam dragon scal |       |       |       |    20 |    18 ||    38
Dodge: Dodged            |    50 |    76 |    57 |   292 |    27 ||   502
       Repelled          |       |       |     1 |     6 |       ||     7
